 Dungeon Crawl Stone Soup version 0.27-a0-811-ga052575696 (webtiles) character file.

Game seed: 17631001680387777316

1921 Froggeryz the Basher (level 9, -3/48 HPs)
             Began as a Gargoyle Gladiator on Mar 29, 2021.
             Slain by Maggie
             ... wielding a +0 broad axe
              (10 damage)
             ... on level 6 of the Dungeon.
             The game lasted 00:08:21 (6750 turns).

Froggeryz the Basher (Gargoyle Gladiator)           Turns: 6750, Time: 00:08:21

Health: -3/48      AC: 15    Str: 20    XL:     9   Next: 17%
Magic:  18/18      EV: 10    Int: 10    God:
Gold:   281        SH:  0    Dex: 11    Spells: 8/8 levels left

rFire    . . .     SeeInvis .   a - +1 flail (freeze)
rCold    . . .     Faith    .   (no shield)
rNeg     + . .     Spirit   .   h - +0 scale mail
rPois    ∞         Reflect  .   c - +0 helmet
rElec    +         Harm     .   o - +1 cloak
rCorr    .         Rampage  .   (no gloves)
Will     .....                  (no boots)
Stlth    ..........             (no amulet)
HPRegen  0.16/turn              m - ring of magical power
MPRegen  0.16/turn              (no ring)

@: mesmerised
A: AC +6, negative energy resistance 1, electricity resistance, torment
resistance 1, unbreathing 1, petrification resistance
a: no special abilities


You were on level 6 of the Dungeon.
You visited 1 branch of the dungeon, and saw 6 of its levels.

You collected 281 gold pieces.

Inventory:

Hand Weapons
 a - a +1 flail of freezing (weapon)
Armour
 c - a +0 helmet (worn)
 h - a +0 scale mail (worn)
 o - a +1 cloak (worn)
Jewellery
 f - a ring of see invisible
 m - a ring of magical power (left hand)
Wands
 p - a wand of flame (16)
Scrolls
 e - a scroll of teleportation
 k - 3 scrolls of magic mapping
 l - a scroll of vulnerability
 n - a scroll of amnesia
 r - a scroll of identify
Potions
 b - a potion of mutation
 d - a potion of ambrosia
 g - a potion of might {unknown}
 j - a potion of flight
 q - a potion of curing {unknown}


   Skills:
 - Level 2.1 Fighting
 * Level 11.8 Maces & Flails
 - Level 1.7 Throwing
 - Level 2.4 Dodging


You had 8 spell levels left.
You didn't know any spells.
Your spell library contained the following spells:

 Spells                   Type           Power      Damage    Failure   Level
 Animate Skeleton         Necr           0%         N/A       75%         1
 Corona                   Hex            0%         N/A       75%         1
 Foxfire                  Conj/Fire      0%         2x1d4     75%         1
 Pain                     Necr           0%         1d4       75%         1
 Ensorcelled Hibernation  Hex/Ice        0%         N/A       86%         2
 Confusing Touch          Hex            0%         N/A       98%         3
 Conjure Flame            Conj/Fire      0%         6-21      98%         3
 Dazzling Flash           Conj/Hex       0%         N/A       98%         3
 Inner Flame              Hex/Fire       0%         N/A       98%         3
 Tukima's Dance           Hex            0%         N/A       98%         3
 Vampiric Draining        Necr           0%         2d6       98%         3
 Animate Dead             Necr           0%         N/A       100%        4
 Sticky Flame             Conj/Fire      0%         2d3       100%        4
 Agony                    Necr           0%         N/A       100%        5
 Fireball                 Conj/Fire      0%         3d3       100%        5


Dungeon Overview and Level Annotations

Branches:
Dungeon (6/15)
 Temple: D:4-7

Altars:
Ashenzari
Sif Muna
Vehumet
Zin

Shops:
D:4 [   D:6 :

Annotations:
D:3 1 runed translucent door
D:6 Maggie


Innate Abilities, Weirdness & Mutations

Your stone body is resilient. (AC +6)
You are immune to poison.
You resist negative energy. (rN+)
You are resistant to electric shocks. (rElec)
You are resistant to unholy torment.
You can survive without breathing.
You are immune to petrification.


Message History

You break out of your daze.
Maggie barely misses you.
You hit Maggie but do no damage.
Maggie is moderately wounded.
Maggie hits you with a +0 broad axe.
* * * LOW HITPOINT WARNING * * *
You thump Maggie! You freeze Maggie.
Maggie is heavily wounded.
Maggie gives herself a magical halo, but it quickly sputters out.
Maggie gestures wildly while chanting.
Maggie attempts to bespell you!
You are mesmerised by Maggie!
You hit Maggie. You freeze Maggie.
Maggie is heavily wounded.
Maggie barely misses you.
You hit Maggie. You freeze Maggie.
Maggie is severely wounded.
Maggie misses you.
You barely miss Maggie.
Maggie is severely wounded.
You hit Maggie. You freeze Maggie.
Maggie is severely wounded.
Maggie barely misses you.
You hit Maggie but do no damage.
Maggie is severely wounded.
Maggie hits you with a +0 broad axe!
* * * LOW HITPOINT WARNING * * *
You barely miss Maggie.
Maggie is severely wounded.
Maggie closely misses you.
You closely miss Maggie.
Maggie is severely wounded.
Maggie completely misses you.
You hit Maggie. You freeze Maggie.
Maggie is severely wounded.
Okay, then.
You hit Maggie. You freeze Maggie.
Maggie is severely wounded.
Maggie hits you with a +0 broad axe!
You die...

#.## #.... #))# #####
####.#### #.. #.......#
#.. #.##.##.# #.#
#.##.##.####.#
#.##.......<..
#.#.#######.#####.####..
......@@.##∩#####.#
#...####.##......<# .
#......##### ######.#
#.# #.# ... (.. ...#


You could see Maggie (mesmerising).

Vanquished Creatures
  Sigmund (D:2)
  Eustachio (D:5)
  Menkaure (D:5)
  A water moccasin (D:4)
  A black bear (D:4)
  A sky beast (D:5)
  An ogre (D:4)
  A phantom (D:5)
  2 kobold brigands
  6 killer bees (D:6)
  3 orc priests
  A gnoll shaman (D:5)
  4 iguanas
  4 orc wizards
  A bullfrog skeleton (D:4)
  Terence (D:3)
  2 hound skeletons (D:4)
  A howler monkey zombie (D:6)
  4 gnolls
  9 adders
  An ufetubus (D:4)
  3 adder skeletons (D:4)
  2 worms
  4 dart slugs
  8 orcs
  5 bats
  6 endoplasms
  7 giant cockroaches
  10 hobgoblins
  5 jackals (D:2)
  4 quokkas
  9 ball pythons
  6 frilled lizards
  12 goblins
  11 kobolds
  8 rats
147 creatures vanquished.

Notes
Turn   | Place    | Note
-------+----------+-------------------------------------------
     0 | D:1      | Froggeryz the Gargoyle Gladiator began the quest for the
                  | Orb.
     0 | D:1      | Reached XP level 1. HP: 12/12 MP: 1/1
   147 | D:1      | Reached XP level 2. HP: 17/17 MP: 2/2
   631 | D:1      | Reached skill level 4 in Maces & Flails
   941 | D:1      | Reached XP level 3. HP: 5/21 MP: 3/3
  1989 | D:2      | Reached XP level 4. HP: 26/26 MP: 4/4
  2261 | D:2      | Noticed Sigmund
  2282 | D:2      | Killed Sigmund
  2283 | D:2      | Reached skill level 6 in Maces & Flails
  2283 | D:2      | Reached XP level 5. HP: 2/30 MP: 5/5
  2283 | D:2      | Reached XP level 6. HP: 3/35 MP: 6/6
  3031 | D:3      | Noticed Terence
  3032 | D:3      | Reached skill level 7 in Maces & Flails
  3056 | D:3      | Found a runed translucent door.
  3056 | D:3      | Noticed an angel
  3065 | D:3      | Found a glowing silver altar of Zin.
  3421 | D:3      | Found a faded altar of an unknown god.
  3832 | D:3      | Killed Terence
  3960 | D:4      | Noticed a black bear
  3977 | D:4      | Killed a black bear
  3978 | D:4      | Reached XP level 7. HP: 21/40 MP: 7/7
  4329 | D:4      | Reached skill level 8 in Maces & Flails
  4720 | D:4      | Found Xijofawk's Antique Armour Shoppe.
  5289 | D:5      | Entered Level 5 of the Dungeon
  5342 | D:5      | Noticed Menkaure
  5362 | D:4      | Reached skill level 9 in Maces & Flails
  5362 | D:4      | Reached XP level 8. HP: 40/44 MP: 8/8
  5399 | D:5      | Killed Menkaure
  5736 | D:5      | Reached skill level 10 in Maces & Flails
  5767 | D:5      | Found a broken altar of Ashenzari.
  5843 | D:5      | Found a shimmering blue altar of Sif Muna.
  5890 | D:5      | Found a radiant altar of Vehumet.
  5975 | D:5      | Noticed Eustachio
  6006 | D:5      | Killed Eustachio
  6216 | D:5      | Reached skill level 11 in Maces & Flails
  6624 | D:6      | Found Capeinim's Book Emporium.
  6643 | D:6      | Noticed Maggie
  6660 | D:6      | Reached XP level 9. HP: 48/48 MP: 9/9
  6750 | D:6      | Slain by Maggie

Illustrated notes

Levels and vault maps discovered:
D:1:      mrwooster_arrival_statue_3, layout_basic, serial_corexii_hall,
          corexii_hall_statues_i, chequers_hall_statues_y
D:2:      layout_loops_corners, uniq_sigmund
D:3:      layout_rooms, chequers_ecumenical_altar_simple, lemuel_angel_altar,
          uniq_terence
D:4:      minmay_thinvault, layout_basic, serial_shops, nicolae_shop_trees,
          minmay_misc_feat_plants
D:5:      layout_layer_cave, evilmike_ruin_ashenzari, vehumet_altar_wand_db,
          nicolae_sif_muna_little_library, uniq_menkaure, uniq_eustachio
D:6:      layout_loops_cross, minitemple, minmay_temple_entry_butterflies,
          serial_shops, shop, uniq_maggie

Skill      XL: |  1  2  3  4  5  6  7  8 |
---------------+-------------------------+-----
Maces & Flails | 4 6 7 9 11 | 11.8
Fighting       | |  2.1
Throwing       | |  1.7
Dodging        | |  2.4

Action                   |  1- 3 |  4- 6 |  7- 9 || total
-------------------------+-------+-------+-------++-------
Melee: Flail             |   111 |   146 |   327 ||   584
Throw: Throwing net      |       |     3 |     1 ||     4
Evoke: Wand              |       |       |     1 ||     1
  Use: Potion            |       |     2 |     2 ||     4
       Scroll            |       |     5 |     4 ||     9
 Stab: Held in net/web   |       |       |     1 ||     1
Armor: Leather armour    |    43 |     4 |       ||    47
       Scale mail        |       |    37 |   193 ||   230
       Ring mail         |       |    31 |       ||    31
       Skin              |       |    11 |       ||    11
Dodge: Dodged            |    67 |    77 |   229 ||   373

Table legend: (Time is in decaauts)
 A = Elapsed time spent in this place.
 B = Non-inter-level travel time spent in this place.
 C = Inter-level travel time spent in this place.
 D = Time resting spent in this place.
 E = Time spent auto-exploring this place.
 F = Levels seen in this place.
 G = Mean time per level.
                   A        B        C        D        E       F      G
               +--------+--------+--------+--------+--------+-----+--------+
         Total |   6752 |   6586 |    166 |   1823 |   3684 |   6 | 1125.3 |
       Dungeon |   6752 |   6586 |    166 |   1823 |   3684 |   6 | 1125.3 |
               +--------+--------+--------+--------+--------+-----+--------+

Top non-repeatable levels by time:
     D:2: 1773 daAuts
     D:4: 1474 daAuts
     D:1: 1399 daAuts
     D:5: 1105 daAuts
     D:3: 710 daAuts
     D:6: 288 daAuts
